 Dungeon Crawl Stone Soup version 0.31.0-11-ge490571c62 (webtiles) character file.

Game seed: 3136293865011518897

74 mopl the Insei (level 4, -1/29 HPs)
             Began as an Octopode Shapeshifter on Feb 8, 2024.
             Slain by an orc priest
             ... wielding a +0 flail
              (11 damage)
             ... on level 2 of the Dungeon.
             The game lasted 00:01:26 (838 turns).

mopl the Insei (Octopode Shapeshifter)               Turns: 838, Time: 00:01:27

Health: -1/29      AC:  1    Str: 13    XL:     4   Next: 30%
Magic:  4/4        EV: 13    Int: 12    God:
Gold:   113        SH:  0    Dex: 13    Spells: 3/3 levels left

rFire   . .          .
                       - Unarmed
rCold   . . .        (no shield)
rNeg    . . .        (helmet currently unavailable)
rPois   .            (no amulet)
rElec   .            (no ring)
rCorr   .            (no ring)
SInv    .            (no ring)
Will    .....        (no ring)
Stlth   ++           (no ring)
HPRegen 0.24/turn    (no ring)
MPRegen 0.09/turn    (no ring)
                     (no ring)

%: no passive effects
@: beast-form
A: beast (slay +2), almost no armour, amphibious, 8 rings, camouflage 1,
gelatinous body 1, (nimble swimmer 1), tentacles
a: Begin Untransformation


You were on level 2 of the Dungeon.
You were a hulking beast.
You visited 1 branch of the dungeon, and saw 2 of its levels.

You collected 113 gold pieces.

Inventory:

Missiles
 d - 3 javelins (quivered)
Talismans
 b - a beast talisman
 c - a flux talisman
Scrolls
 f - a scroll of poison {unknown}
 g - a scroll of blinking {unknown}
 h - 2 scrolls of identify {unknown}
Potions
 a - 2 potions of lignification
 e - a potion of curing {unknown}


   Skills:
 + Level 1.7 Fighting
 + Level 2.5 Dodging
 * Level 3.8 Unarmed Combat
 * Level 3.6 Shapeshifting


You had 3 spell levels left.
You didn't know any spells.
Your spell library contained the following spells:

 Spells                   Type           Power      Damage    Failure   Level
 Summon Small Mammal      Summ           0%         N/A       32%         1
 Call Canine Familiar     Summ           0%         N/A       69%         3
 Summon Blazeheart Golem  Fire/Summ      0%         N/A       97%         4


Dungeon Overview and Level Annotations

Branches:
Dungeon (2/15)

Altars:
Yredelemnul

Annotations:
D:1 dig


Innate Abilities, Weirdness & Mutations

You are a hulking beast.
Your limbs bulge with bestial killing power. (Slay +2)
You cannot wear most types of armour.
You are amphibious.
You can wear up to eight rings at the same time.
Your skin changes colour to match your surroundings (Stealth+).
Your rubbery body absorbs attacks. (AC +1, EV +1)
((You are camouflaged when in or above water. (Stealth+)))
You have tentacles for arms and can constrict up to eight enemies at once.


Message History

No target in view!
You see here an adder corpse.
A goblin comes into view. It is wielding a +0 dagger.
The helpless goblin fails to defend itself.
You tentacle-slap the goblin. Your grab misses the goblin.
The goblin is heavily wounded.
The goblin hits you with a +0 dagger.
You tentacle-slap the goblin.
You kill the goblin!
No target in view!
Things that are here:
a +0 dagger; a goblin corpse
Found an escape hatch in the floor.
An orc priest and an orc come into view.
The orc priest moves out of view.
No reachable target in view!
An orc is nearby!
An orc comes into view. It is wielding a +0 trident.
The orc shouts! x2
The orc priest looks encouraged for a moment.
The orc misses you.
You tentacle-slap the orc. You grab the orc.
The orc is heavily wounded.
You constrict the orc. The orc hits you with a +0 trident!
You bludgeon the orc!
You kill the orc!
You closely miss the orc. You grab the orc. Your squeeze misses the orc.
You constrict the orc. The orc hits you with a +0 dagger.
You tentacle-slap the orc. x2
The orc is severely wounded.
You constrict the orc. The orc hits you but does no damage.
You tentacle-slap the orc.
You kill the orc!
The orc priest hits you with a +0 flail!
You barely miss the orc priest. Your grab misses the orc priest.
The orc priest barely misses you.
You closely miss the orc priest. You grab the orc priest.
You constrict the orc priest, but do no damage.
The orc priest hits you with a +0 flail!
You die...

#.........###....# #.
#..#######..##.##.####
#. ##$⌠.###.##.##....#
#. ##.....##....#####.##
#. #.......#....#......#
#.
#.......#....#......####
#.......#....#........##
#......o#.>..#..........
#.....)h#....#..........
#.......#.......##..###.
#.......#..#.##.##......
....................####
......#####.....##......
...... .........#.......
....## #.....#.#.#...
.... ###.....#.#.....
... #.#####.#.###.##


You could see an orc priest.

Vanquished Creatures
  4 adders (D:2)
  2 orcs (D:2)
  4 endoplasms
  8 goblins
  5 hobgoblins
  4 kobolds
  3 ball pythons (D:2)
  A frilled lizard (D:1)
  5 rats (D:1)
36 creatures vanquished.

Notes
Turn   | Place    | Note
-------+----------+-------------------------------------------
     0 | D:1      | mopl the Octopode Shapeshifter began the quest for the Orb.
     0 | D:1      | Reached XP level 1. HP: 13/13 MP: 1/1
     9 | D:1      | Noticed a bullfrog
   214 | D:1      | Reached XP level 2. HP: 18/18 MP: 2/2
   429 | D:2      | Found a basalt altar of Yredelemnul.
   494 | D:2      | Reached XP level 3. HP: 19/23 MP: 3/3
   508 | D:2      | HP: 1/23 [adder (1)]
   662 | D:2      | Reached XP level 4. HP: 24/28 MP: 4/4
   838 | D:2      | Slain by an orc priest

Illustrated notes

Levels and vault maps discovered:
D:1:      evilmike_arrival_come_back, layout_rooms, minmay_gold_behind_fungi
D:2:      cheibrodos_pilgrimage, layout_basic, basic_altar, minmay_cut_off

Action                     |  1- 3 |  4- 6 || total
---------------------------+-------+-------++-------
  Melee: Unarmed           |    57 |    15 ||    72
         Constrict         |    12 |     4 ||    16
         Punch             |     1 |     1 ||     2
         Tentacles         |    11 |     1 ||    12
   Stab: Sleeping          |     1 |     2 ||     3
 Armour: Skin              |    16 |     8 ||    24
  Dodge: Dodged            |    38 |     4 ||    42
